 Dungeon Crawl Stone Soup version 0.25-a0-815-gab441bd002 (webtiles) character file.

Game seed: 11644781311819921208, levelgen mode: deterministic

1019 Hartz the Digger (level 8, -2/41 HPs)
             Began as a Gargoyle Earth Elementalist on Apr 20, 2020.
             Slain by Sigmund
             ... wielding a +0 scythe
              (4 damage)
             ... on level 4 of the Dungeon.
             The game lasted 00:10:49 (3778 turns).

Hartz the Digger (Gargoyle Earth Elementalist)      Turns: 3778, Time: 00:10:50

Health: -2/41      AC:  8    Str: 12    XL:     8   Next: 22%
Magic:  25/25      EV: 12    Int: 18    God:
Gold:   217        SH:  0    Dex: 10    Spells: 8/17 levels left

rFire    . . .     SeeInvis .   q - +1 dagger (venom)
rCold    . . .     Gourm    .   (no shield)
rNeg     + . .     Faith    .   c - +0 robe
rPois    ∞         Spirit   .   (no helmet)
rElec    +         Reflect  .   (no cloak)
rCorr    .         Harm     .   m - +0 pair of gloves
MR       .....                  (no boots)
Stlth    ++........             (no amulet)
HPRegen  0.13/turn              g - ring of magical power
MPRegen  0.19/turn              r - ring of wizardry

@: brilliant
A: negative energy resistance 1, electricity resistance, unbreathing,
petrification resistance, rot immunity, AC +5
a: no special abilities


You were on level 4 of the Dungeon.
You were not hungry.

You visited 1 branch of the dungeon, and saw 4 of its levels.
You also visited: Sewer.

You collected 217 gold pieces.

Inventory:

Hand Weapons
 e - a +0 club
 j - a +0 mace
 o - a +0 flail
 q - a +1 dagger of venom (weapon)
 u - a +2 whip of freezing
Missiles
 b - 111 stones (quivered)
Armour
 c - a +0 robe (worn)
 m - a +0 pair of gloves (worn)
Jewellery
 g - a ring of magical power (left hand)
 r - a ring of wizardry (right hand)
Scrolls
 s - a scroll of amnesia
 t - a scroll of remove curse
Potions
 f - a potion of lignification
 i - 3 potions of stabbing
 l - a potion of brilliance
 n - 3 potions of flight
 p - 3 potions of heal wounds {unknown}
Comestibles
 a - 11 chunks of flesh
 d - 7 rations


   Skills:
 - Level 1.5 Dodging
 - Level 2.1 Stealth
 + Level 5.3 Spellcasting
 + Level 5.4 Conjurations
   Level 0.7 Transmutations
 + Level 7.5 Earth Magic


You had 8 spell levels left.
You knew the following spells:

 Your Spells              Type           Power        Failure   Level  Hunger
a - Sandblast             Erth           #####.       1%          1    None
b - Stone Arrow           Conj/Erth      #####.       1%          3    None
c - Lee's Rapid Deconstr  Erth           #####.....   6%          5    None

Your spell library contained the following spells:

 Spells                   Type           Power        Failure   Level  Hunger
 Passwall                 Tmut/Erth      ####....     1%          2    None
 Petrify                  Tmut/Erth      ####....     10%         4    None


Dungeon Overview and Level Annotations

Branches:
Dungeon (4/15)              Sewer (visited)
 Temple: D:4-7

Altars:
Ashenzari
Nemelex Xobeh
Sif Muna

Annotations:
D:4 Sigmund


Innate Abilities, Weirdness & Mutations

You are resistant to torment.
Your stone body is resilient. (AC +5)
You are immune to poison.
You resist negative energy. (rN+)
You are resistant to electric shocks. (rElec)
You can survive without breathing.
You are immune to petrification.
You are immune to rotting.


Message History

The hound skeleton bites you but does no damage.
Casting: Sandblast (safe; 1% risk of failure)
Confirm with . or Enter, or press ? or * to list all spells.
Aiming: Sandblast (safe; 1% risk of failure)
Press: ? - help, Shift-Dir - straight line The blast of sand hits something but does no damage.
b - 111 stones The hound skeleton bites you but does no damage.
Something hits you.
* * * LOW HITPOINT WARNING * * *
The hound skeleton barely misses you.
It was a potion of magic.
Magic courses through your body.
The hound skeleton bites you but does no damage.
A magic dart appears from out of thin air!
The magic dart hits you but does no damage.
It was a potion of brilliance.
You feel clever all of a sudden.
The hound skeleton bites you but does no damage.
Something hits you.
You die...

#... #.............. ...
#..p...........
##.#######...[..........
#.)....p................
#.......................
#..........##.........##
#..........##...........
#..........##..Z........
###..p.......##.@.{.......
#.....#########...........
#...>p....................
#.....#########...........
#.....# #.).........
#.....# #...........
####.## ###############.
#.#####..........########
#)...[................).##


You could see a hound skeleton and a neutral freed slave (wandering).

Vanquished Creatures
  Pikel (D:4)
  The ghost of htime the Chopper, an amateur MiBe of Trog (D:3)
  An ogre (D:4)
  A big kobold (Sewer)
  2 orc wizards (D:3)
  A centaur skeleton (D:4)
  Natasha (D:4)
  A hound skeleton (D:4)
  2 river rats (Sewer)
  6 adders
  2 oozes
  A worm (D:2)
  A dart slug (D:2)
  2 leopard geckos
  7 orcs (D:3)
  4 ball pythons
  3 giant cockroaches
  14 goblins
  10 hobgoblins
  13 jackals
  8 kobolds
  10 bats
  3 frilled lizards
  7 rats
102 creatures vanquished.

Vanquished Creatures (others)
  An ogre (D:4)
1 creature vanquished.

Grand Total: 103 creatures vanquished

Notes
Turn   | Place    | Note
-------+----------+-------------------------------------------
     0 | D:1      | Hartz the Gargoyle Earth Elementalist began the quest for
                  | the Orb.
     0 | D:1      | Reached XP level 1. HP: 10/10 MP: 3/3
   104 | D:1      | Reached skill level 4 in Earth Magic
   104 | D:1      | Reached XP level 2. HP: 13/15 MP: 3/5
   886 | D:1      | Reached XP level 3. HP: 17/19 MP: 6/6
   891 | D:1      | Learned a level 3 spell: Stone Arrow
  1050 | D:2      | Reached skill level 1 in Conjurations
  1055 | D:2      | Reached XP level 4. HP: 13/24 MP: 8/8
  1464 | D:2      | Found a sparkling altar of Nemelex Xobeh.
  1595 | D:2      | Found a shimmering blue altar of Sif Muna.
  1758 | D:3      | Reached skill level 5 in Earth Magic
  1764 | D:3      | Reached XP level 5. HP: 9/28 MP: 3/10
  1982 | D:3      | Found a faded altar of an unknown god.
  2123 | D:3      | Found a glowing drain.
  2132 | Sewer    | Entered a sewer
  2324 | Sewer    | Learned a level 5 spell: Lee's Rapid Deconstruction
  2372 | Sewer    | Noticed a big kobold
  2415 | Sewer    | Killed a big kobold
  2415 | Sewer    | Reached XP level 6. HP: 19/32 MP: 11/11
  2476 | Sewer    | Found a white marble altar of Elyvilon.
  2693 | D:3      | Found a shattered altar of Ashenzari.
  2893 | D:3      | Found a runed translucent gate.
  2893 | D:3      | Found a runed translucent gate.
  2894 | D:3      | Found a runed translucent gate.
  2962 | D:3      | Noticed htime's ghost (amateur MiBe)
  3016 | D:3      | Killed htime's ghost
  3016 | D:3      | Reached skill level 6 in Earth Magic
  3576 | D:4      | Reached XP level 7. HP: 36/36 MP: 13/13
  3653 | D:4      | Noticed Pikel
  3678 | D:4      | Killed Pikel
  3678 | D:4      | Reached skill level 5 in Spellcasting
  3678 | D:4      | Reached skill level 5 in Conjurations
  3678 | D:4      | Reached skill level 7 in Earth Magic
  3678 | D:4      | Reached XP level 8. HP: 14/41 MP: 15/15
  3747 | D:4      | Noticed Natasha
  3753 | D:4      | Killed Natasha
  3762 | D:4      | Noticed Sigmund
  3776 | D:4      | HP: 2/41 [something (4)]
  3778 | D:4      | Slain by Sigmund

Levels and vault maps discovered:
D:1:      dpeg_arrival_yet_another_circle, layout_basic, minmay_door_square,
          st_stairs_14
D:2:      layout_rooms, led_sif_pool, nemelex_spade_bored_becter
D:3:      cheibrodos_greedy_goblins, layout_basic, evilmike_ruin_ashenzari,
          chequers_ecumenical_altar_lobes, gammafunk_ghost_split,
          portal_sewer_entry_d, minmay_misc_feat_cross
D:4:      layout_basic, eat_drink_and_be_merry_uskayaw, first_ration,
          serial_bayou_pond_d, uniq_natasha, uniq_pikel, uniq_sigmund

Skill      XL: |  1  2  3  4  5  6  7 |
---------------+----------------------+-----
Earth Magic    | 4 5 6 7 |  7.5
Conjurations   | 1 2 3 4 5 |  5.4
Spellcasting   | 3 4 5 |  5.3
Dodging        | |  1.5
Stealth        | |  2.1
Transmutations | |  0.7

Action                   |  1- 3 |  4- 6 |  7- 9 || total
-------------------------+-------+-------+-------++-------
Melee: Unarmed           |    24 |       |       ||    24
       Club              |    67 |    27 |       ||    94
       Mace              |       |    54 |       ||    54
       Dagger            |       |    53 |    34 ||    87
 Cast: Sandblast         |    22 |    74 |    13 ||   109
       Stone Arrow       |       |     8 |       ||     8
  Use: Scroll            |     6 |     3 |     1 ||    10
       Potion            |       |     3 |     3 ||     6
 Stab: Sleeping          |     1 |     4 |     1 ||     6
  Eat: Chunk             |     1 |     9 |       ||    10
Armor: Robe              |    51 |    95 |    23 ||   169
Dodge: Dodged            |    89 |   168 |    26 ||   283

Table legend:
 A = Non-vault XP
 B = Vault XP
 C = Vault XP percentage of total XP
 D = Non-vault monster count
 E = Vault monster count
 F = Vault count percentage of total count
                 A         B        C        D         E       F
            +---------+---------+-------+---------+---------+-------
      Total |     465 |     991 |  68.1 |      76 |      26 |  25.5
            +---------+---------+-------+---------+---------+-------
        D:1 |      32 |       3 |   8.6 |      15 |       1 |   6.2
        D:2 |      70 |       0 |   0.0 |      21 |       0 |   0.0
        D:3 |     167 |     175 |  51.2 |      29 |      14 |  32.6
        D:4 |     196 |     686 |  77.8 |      11 |       2 |  15.4
      Sewer |       0 |     127 | 100.0 |       0 |       9 | 100.0
            +---------+---------+-------+---------+---------+-------
